 Dungeon Crawl Stone Soup version 0.20.0-15-g7f486f2 (webtiles) character file.

1386 NoAnimeNoLife the Basher (level 8, -5/52 HPs)
             Began as a Demonspawn Fighter on June 13, 2017.
             Was a Believer of Hepliaklqana.
             Slain by a gnoll sergeant
             ... wielding a +2 spear of freezing
              (7 damage)
             ... on level 5 of the Dungeon.
             The game lasted 00:09:02 (3860 turns).

NoAnimeNoLife the Basher (Demonspawn Fighter)       Turns: 3860, Time: 00:09:03

Health: -5/52      AC:  6    Str: 16      XL:     8   Next: 40%
Magic:  8/8        EV:  8    Int:  8 (11) God:    Hepliaklqana [**....]
Gold:   214        SH:  8    Dex: 11 (14) Spells: 7/7 levels left

rFire    . . .     SeeInvis .   a - +1 flail
rCold    + . .     Gourm    +   c - +0 shield
rNeg     . . .     Faith    .   k - +3 leather armour {rC+}
rPois    +         Spirit   .   (helmet restricted)
rElec    .         Reflect  .   (no cloak)
rCorr    .         Harm     .   (no gloves)
MR       .....                  (no boots)
Stlth    ..........             u - amulet of the gourmand
Regen    0.2/turn               e - ring of loudness (curse)
MPRegen  0.2/turn               s - ring of poison resistance

@: no status effects
A: reduced essence, claws 1, horns 2, deterioration 1, rot immunity, sturdy
frame 1
a: Recall Ancestor, Ancestor Identity, Renounce Religion


You were on level 5 of the Dungeon.
You worshipped Hepliaklqana.
Hepliaklqana was pleased with you.
You were very hungry.

You visited 1 branch of the dungeon, and saw 5 of its levels.
You also visited: Sewer.

You collected 214 gold pieces.

Inventory:

Hand Weapons
 a - a +1 flail (weapon)
Armour
 b - a +0 scale mail
 c - a +0 shield (worn)
 j - a +2 leather armour of poison resistance
 k - a +3 leather armour of cold resistance (worn)
Jewellery
 e - a cursed ring of loudness (left claw)
 p - an uncursed ring of protection from magic
 s - a ring of poison resistance (right claw)
 u - an amulet of the gourmand (around neck)
 z - a +2 ring of slaying {unknown}
Wands
 d - a wand of random effects (48/48)
 A - a wand of confusion (23/48)
 D - a wand of polymorph (14/24)
Scrolls
 h - a scroll of remove curse
 i - a scroll of enchant armour {unknown}
 l - 2 scrolls of enchant weapon
 o - a scroll of recharging
 t - a scroll of fear
 y - a scroll of teleportation
 C - a scroll of magic mapping {unknown}
 E - 2 scrolls of identify
Potions
 g - 5 potions of curing
 m - 2 potions of magic
 r - 2 potions of heal wounds
 v - 2 potions of brilliance
 w - 3 potions of flight
 x - a potion of agility
 B - a potion of degeneration
Comestibles
 f - 6 bread rations
 n - 2 fruits
 q - 2 meat rations


   Skills:
 - Level 3.1 Fighting
 + Level 9.5 Maces & Flails
 - Level 2.8 Armour
 - Level 2.9 Shields


You had 7 spell levels left.
You didn't know any spells.

Dungeon Overview and Level Annotations

Branches:
Dungeon (5/15)             Temple (0/1) D:5

Altars:
Cheibriados
Fedhas
Hepliaklqana
Nemelex Xobeh
Vehumet
Yredelemnul

Annotations:
D:4 exclusion: statue


Innate Abilities, Weirdness & Mutations

You have a pair of horns on your head.
You are immune to rotting.
Your movements are slightly less encumbered by armour. (ER -2)
Your life essence is reduced. (-10% HP)
You have sharp fingernails.
Your body sometimes deteriorates upon taking damage.


Message History

The gnoll sergeant is heavily wounded.
The gnoll hits you but does no damage.
The gnoll sergeant completely misses you.
Something hits you but does no damage.
You barely miss the gnoll sergeant.
The gnoll sergeant is heavily wounded.
Something hits you but does no damage. The gnoll hits you.
* * * LOW HITPOINT WARNING * * *
You block the gnoll sergeant's attack. You block the gnoll sergeant's attack.
There is a snail-covered altar of Cheibriados here.
You miss something. Something hits you but does no damage.
The gnoll sergeant misses you. The gnoll hits you.
* * * LOW HITPOINT WARNING * * *
Something hits you but does no damage.
You hit the gnoll.
You kill the gnoll!
You feel your strength returning.
The gnoll sergeant hits you from afar with a spear of freezing!
You die...

# $... #...###.######
+...g...).....
#...####......
####### ###?....<
##.#.#.###.#......
#⌠.#.#.#.#.8..####
#_†...........#
#@{g..........###
#..#.#.#.#.8....#
##⌠#.#####.#....##
..############......
..........##.......##
...........##.....###
.............##.....#
#............##.....#
#............##.....#


You could see a gnoll sergeant.

Vanquished Creatures
  Sigmund (D:2)
  The ghost of NoAnimeNoLife the Skirmisher, an amateur HuFi (D:4)
  2 sky beasts (D:5)
  The ghost of NoAnimeNoLife the Shooter, an amateur CeHu (D:3)
  A phantom (D:3)
  2 big kobolds (Sewer)
  A scorpion (D:3)
  A hound (D:4)
  An orc priest (D:5)
  An orc wizard (D:5)
  Ijyb (D:5)
  Terence (D:3)
  Natasha (D:4)
  A worker ant (D:4)
  A howler monkey skeleton (D:3)
  3 gnolls (D:5)
  A hexer (D:5)
  5 adders
  A river rat (Sewer)
  3 oozes
  3 worms
  5 dart slugs
  4 leopard geckos
  3 orcs
  7 bats
  3 giant cockroaches
  7 goblins
  6 hobgoblins
  6 jackals
  20 kobolds
  A quokka (D:2)
  3 ball pythons
  3 frilled lizards
  16 rats
117 creatures vanquished.

Vanquished Creatures (collateral kills)
  A big kobold (Sewer)
  Natasha (D:4)
  3 river rats (Sewer)
  An adder (Sewer)
  A worm (D:4)
  2 orcs
  A ball python (Sewer)
  A giant cockroach (D:3)
  2 goblins
  A hobgoblin (D:3)
  2 kobolds
  A quokka (D:4)
  A bat (D:3)
  10 rats (Sewer)
28 creatures vanquished.

Grand Total: 145 creatures vanquished

Notes
Turn   | Place    | Note
-------+----------+-------------------------------------------
     0 | D:1      | NoAnimeNoLife the Demonspawn Fighter began the quest for the Orb.
     0 | D:1      | Reached XP level 1. HP: 18/18 MP: 1/1
    84 | D:1      | Gained mutation: You have a pair of small horns on your head. [demonic ancestry]
    84 | D:1      | Reached XP level 2. HP: 24/24 MP: 2/2
   129 | D:1      | Reached skill level 2 in Maces & Flails
   498 | D:2      | Gained mutation: You have a pair of horns on your head. [demonic ancestry]
   498 | D:2      | Reached XP level 3. HP: 20/29 MP: 3/3
   884 | D:2      | Reached skill level 3 in Maces & Flails
   898 | D:2      | Found a blossoming altar of Fedhas.
   898 | D:2      | Noticed Sigmund
   916 | D:2      | Gained mutation: Your body sometimes deteriorates upon taking damage. [potion of mutation]
   916 | D:2      | Gained mutation: You are clumsy. (Dex -2) [potion of mutation]
   916 | D:2      | Gained mutation: You have sharp fingernails. [potion of mutation]
   916 | D:2      | Lost mutation: You are clumsy. (Dex -2) [potion of mutation]
   930 | D:2      | Killed Sigmund
   930 | D:2      | Reached skill level 5 in Maces & Flails
   930 | D:2      | Gained mutation: You are immune to rotting. [demonic ancestry]
   930 | D:2      | Reached XP level 4. HP: 27/35 MP: 4/4
   930 | D:2      | Reached XP level 5. HP: 32/41 MP: 5/5
  1030 | D:2      | Found a hazy altar of Hepliaklqana.
  1059 | D:2      | Became a worshipper of Hepliaklqana the Forgotten
  1209 | D:3      | Found a faded altar of an unknown god.
  1250 | D:3      | Noticed NoAnimeNoLife's ghost (amateur CeHu)
  1262 | D:3      | Killed NoAnimeNoLife's ghost
  1262 | D:3      | Reached XP level 6. HP: 32/42 MP: 6/6
  1304 | D:3      | Noticed Terence
  1318 | D:3      | Killed Terence
  1318 | D:3      | Reached skill level 6 in Maces & Flails
  1503 | D:3      | Reached * piety under Hepliaklqana
  1911 | D:3      | Gained mutation: Your movements are slightly less encumbered by armour. (ER -2) [demonic ancestry]
  1911 | D:3      | Reached XP level 7. HP: 38/46 MP: 7/7
  1918 | D:4      | Found a basalt altar of Yredelemnul.
  1967 | D:4      | Noticed NoAnimeNoLife's ghost (amateur HuFi)
  1974 | D:4      | HP: 2/46 [NoAnimeNoLife's ghost (5)]
  1978 | D:4      | Killed NoAnimeNoLife's ghost
  1978 | D:4      | Reached skill level 7 in Maces & Flails
  2033 | D:4      | Found a radiant altar of Vehumet.
  2247 | D:4      | Noticed Natasha
  2248 | D:4      | Found a glowing drain.
  2253 | D:4      | Killed Natasha
  2280 | Sewer    | Entered a sewer
  2358 | Sewer    | Reached skill level 8 in Maces & Flails
  2882 | Sewer    | Reached XP level 8. HP: 51/52 MP: 8/8
  3215 | D:4      | Noticed Natasha
  3217 | D:4      | Killed Natasha
  3444 | D:5      | Entered Level 5 of the Dungeon
  3455 | D:5      | Noticed Ijyb
  3468 | D:5      | Killed Ijyb
  3529 | D:5      | Reached skill level 9 in Maces & Flails
  3556 | D:5      | Reached ** piety under Hepliaklqana
  3557 | D:5      | Remembered your ancestor Ælfric as a hexer
  3818 | D:5      | Found a staircase to the Ecumenical Temple.
  3832 | D:5      | Found a snail-covered altar of Cheibriados.
  3832 | D:5      | Found a sparkling altar of Nemelex Xobeh.
  3859 | D:5      | HP: 2/52 [gnoll (2)]
  3860 | D:5      | Slain by a gnoll sergeant

Skill      XL: |  1  2  3  4  5  6  7  8 |
---------------+-------------------------+-----
Maces & Flails | 2 5 6 8 9 |  9.5
Fighting       | |  3.1
Armour         | |  2.8
Shields        | |  2.9

Action                   |  1- 3 |  4- 6 |  7- 9 || total
-------------------------+-------+-------+-------++-------
Melee: Flail             |   114 |   146 |   188 ||   448
       Headbutt          |    15 |    13 |    30 ||    58
Invok: Ancestor Life: He |       |       |     1 ||     1
  Use: Potion            |     3 |       |     3 ||     6
       Scroll            |       |       |    11 ||    11
 Stab: Distracted        |       |       |     1 ||     1
  Eat: Chunk             |       |     4 |     5 ||     9
Armor: Scale mail        |    21 |       |       ||    21
       Leather armour    |    29 |    55 |    73 ||   157
Dodge: Dodged            |    43 |    45 |    77 ||   165
Block: Shield            |    61 |    61 |    99 ||   221
